 Dungeon Crawl Stone Soup version 0.32-a0-422-g28b100f618 (webtiles) character file.

Game seed: 10864474968519419072

67 lunkers the Conjurer (level 4, -1/30 HPs)
             Began as a Coglin Wanderer on Feb 21, 2024.
             Killed by nerve-wracking pain
             ... invoked by Jessica
              (8 damage)
             ... on level 2 of the Dungeon.
             The game lasted 00:01:30 (1023 turns).

lunkers the Conjurer (Coglin Wanderer)              Turns: 1023, Time: 00:01:30

Health: -1/30      AC:  5    Str: 15    XL:     4   Next: 16%
Magic:  5/5        EV: 10    Int: 10    God:
Gold:   72         SH:  0    Dex: 14    Spells: 4/5 levels left

rFire   . . .        a - +2 dagger {Njabulo}
rCold   . . .        h - +0 dagger {Iltani}
rNeg    . . .        j - +0 ring mail
rPois   .            (no helmet)
rElec   .            (no cloak)
rCorr   .            (no gloves)
SInv    .            (no boots)
Will    .....        (no amulet)
Stlth   ++           (no ring)
HPRegen 0.25/turn    (no ring)
MPRegen 0.09/turn

%: no passive effects
@: revved
A: off-hand wielding, slow wielding, warmup strikes, legs shutdown
a: no special abilities


You were on level 2 of the Dungeon.
You visited 1 branch of the dungeon, and saw 2 of its levels.

You collected 72 gold pieces.

Inventory:

Hand Weapons
 a - a +2 dagger (weapon) {Njabulo}
 h - a +0 dagger (offhand) {Iltani}
Armour
 e - a +0 leather armour
 j - a +0 ring mail (worn)
Scrolls
 b - 3 scrolls of blinking
 c - a scroll of fog
 d - a scroll of fear
 f - a scroll of torment {unknown}
 k - 2 scrolls of identify {unknown}
 l - a scroll of revelation {unknown}
Potions
 g - a potion of haste {unknown}
 i - 2 potions of attraction {unknown}


   Skills:
 + Level 3.3 Short Blades
 - Level 1.0 Armour
 - Level 3.2 Stealth
 - Level 1.0 Spellcasting
 - Level 3.6 Conjurations


You had 4 spell levels left.
You knew the following spells:

 Your Spells              Type           Power      Damage    Failure   Level
p - Shock                 Conj/Air       16%        1d4       32%         1

Your spell library contained the following spells:

 Spells                   Type           Power      Damage    Failure   Level
 Dazzling Flash           Conj/Hex       8%         N/A       69%         3


Dungeon Overview and Level Annotations

Branches:
Dungeon (2/15)

Altars:

Annotations:
D:2 Jessica


Innate Abilities, Weirdness & Mutations

You can wield a second weapon in your off-hand.
It takes a long time for you to wield or remove held weapons.
Your first few attacks do less damage.
Attacking and casting redirects power from your legs.


Message History

You are poisoned.
The adder poisons you! The kobold hits you but does no damage.
Jessica closely misses you.
You hit the adder with your +2 dagger.
The adder is severely wounded.
You hit the adder with your +0 dagger.
You feel sick. The adder bites you but does no damage.
The kobold hits you with a +0 short sword.
* * * LOW HITPOINT WARNING * * *
Jessica casts a spell at you.
You barely resist.
Unknown command.
You hit the adder with your +2 dagger.
The adder is almost dead.
You hit the adder with your +0 dagger.
You kill the adder!
You feel sick. Jessica hits you with a +0 dagger.
* * * LOW HITPOINT WARNING * * *
The kobold hits you but does no damage.
You have reached level 4!
You feel stronger.
Unknown command.
You hit Jessica with your +2 dagger.
Jessica is moderately wounded.
You closely miss Jessica with your +0 dagger.
You feel sick.
Jessica gestures wildly while chanting.
Jessica blinks!
Unknown command.
You cannot move.
Unknown command.
You hit the kobold with your +2 dagger.
You kill the kobold!
You feel sick.
You are no longer unable to travel.
You feel sick.
You are no longer poisoned.
Jessica gestures at you while chanting. Pain shoots through your body!
You die...

#.............#
#.#
##########....#
#.. #....# ##.
#....# ## #....#
## #....###
....#......#
#.........#####
.......†@.......
.........@......
................
................
......####......
...... ......
..#+#. ......
......


You could see Jessica (fast).

Vanquished Creatures
  2 adders (D:2)
  A ribbon worm (D:2)
  6 endoplasms
  A goblin (D:1)
  3 hobgoblins (D:1)
  3 kobolds
  2 ball pythons (D:1)
  2 bats (D:1)
  4 frilled lizards (D:1)
  4 rats
28 creatures vanquished.

Notes
Turn   | Place    | Note
-------+----------+-------------------------------------------
     0 | D:1      | lunkers the Coglin Wanderer began the quest for the Orb.
     0 | D:1      | lunkers set off with the following items: a +2 dagger
                  | {Njabulo}, a scroll of blinking, a scroll of fog, a scroll
                  | of fear, a +0 leather armour; and the following spell
                  | memorised: Shock; and the following spells available to
                  | memorise: Dazzling Flash.
     0 | D:1      | Reached XP level 1. HP: 13/13 MP: 2/2
    87 | D:1      | Reached skill level 1 in Short Blades
   119 | D:1      | Reached XP level 2. HP: 17/19 MP: 3/3
   380 | D:1      | Reached XP level 3. HP: 24/24 MP: 4/4
  1011 | D:2      | Noticed Jessica
  1020 | D:2      | Reached XP level 4. HP: 9/30 MP: 5/5
  1023 | D:2      | Killed from afar by Jessica

Illustrated notes

Levels and vault maps discovered:
D:1:      minmay_arrival_shoal_huts, layout_loops_ring
D:2:      layout_basic, kennysheep_generic_room_3, uniq_jessica

Skill      XL: |  1  2  3 |
---------------+----------+-----
Short Blades   | 1 2 3 |  3.3
Armour         | |  1.0
Stealth        | |  3.2
Spellcasting   | |  1.0
Conjurations   | |  3.6

Action                     |  1- 3 |  4- 6 || total
---------------------------+-------+-------++-------
  Melee: Dagger            |   117 |     3 ||   120
   Stab: Sleeping          |     3 |       ||     3
 Armour: Leather armour    |    10 |       ||    10
         Ring mail         |    29 |       ||    29
  Dodge: Dodged            |    34 |       ||    34

Table legend: (Time is in decaauts)
 A = Elapsed time spent in this place.
 B = Non-inter-level travel time spent in this place.
 C = Inter-level travel time spent in this place.
 D = Time resting spent in this place.
 E = Time spent auto-exploring this place.
 F = Levels seen in this place.
 G = Mean time per level.
                   A        B        C        D        E       F      G
               +--------+--------+--------+--------+--------+-----+--------+
         Total |   1022 |    993 |     29 |      0 |    772 |   2 |  511.0 |
       Dungeon |   1022 |    993 |     29 |      0 |    772 |   2 |  511.0 |
               +--------+--------+--------+--------+--------+-----+--------+

Top non-repeatable levels by time:
     D:1: 595 daAuts
     D:2: 427 daAuts
